 Dungeon Crawl Stone Soup version 0.29-a0-371-g91724d5b39 (webtiles) character file.

Game seed: 8928744092521707919

283 spaghetti the Conjurer (level 6, -4/53 HPs)
             Began as a Gnoll Wanderer on May 3, 2022.
             Was a Believer of Jiyva.
             Slain by a gnoll sergeant
             ... wielding a +0 trident of venom
              (10 damage)
             ... on level 6 of the Dungeon.
             The game lasted 00:06:08 (3266 turns).

spaghetti the Conjurer (Gnoll Wanderer)             Turns: 3266, Time: 00:06:09

Health: -4/53      AC:  6    Str:  9    XL:     6   Next: 28%
Magic:  11/14      EV:  8    Int: 14    God:    Jiyva [**....]
Gold:   108        SH:  0    Dex: 13    Spells: 12/15 levels left

rFire   . . .      SeeInvis .   q - +8 dagger of Nocsucex {protect, Will+, short}
rCold   . . .      Faith    .   (no shield)
rNeg    . . .      Spirit   .   b - +0 scale mail
rPois   .          Reflect  .   (no helmet)
rElec   .          Harm     .   (no cloak)
rCorr   +          Rampage  .   (no gloves)
Will    +....                   (no boots)
Stlth   +.........              (no amulet)
HPRegen 1.13/turn               (no ring)
MPRegen 0.44/turn               (no ring)

@: no status effects
A: fangs 1, strong nose, distributed training
a: Renounce Religion


You were on level 6 of the Dungeon.
You worshipped Jiyva.
Jiyva was pleased with you.
You visited 1 branch of the dungeon, and saw 5 of its levels.

You collected 108 gold pieces.


Innate Abilities, Weirdness & Mutations

You have very sharp teeth.
Your uncanny sense of smell can sniff out nearby items.
Your experience applies equally to all skills.


   Skills:
 + Level 6.8 Fighting
 + Level 1.9 Short Blades
 + Level 1.9 Long Blades
 + Level 1.9 Axes
 + Level 1.9 Maces & Flails
 + Level 1.9 Polearms
 + Level 1.9 Staves
 + Level 1.9 Slings
 + Level 1.9 Bows
 + Level 1.9 Crossbows
 + Level 1.9 Throwing
 + Level 3.2 Armour
 + Level 1.9 Dodging
 + Level 1.9 Stealth
 + Level 1.9 Shields
 + Level 1.9 Unarmed Combat
 + Level 5.3 Spellcasting
 + Level 7.2 Conjurations
 + Level 1.5 Hexes
 + Level 1.5 Summonings
 + Level 1.5 Necromancy
 + Level 1.5 Translocations
 + Level 1.5 Transmutations
 + Level 1.5 Fire Magic
 + Level 1.5 Ice Magic
 + Level 1.5 Air Magic
 + Level 1.5 Earth Magic
 + Level 1.5 Poison Magic
 + Level 2.1 Invocations
 + Level 1.9 Evocations


You had 12 spell levels left.
You knew the following spells:

 Your Spells              Type           Power      Damage    Failure   Level
a - Shock                 Conj/Air       64%        1d7       21%         1
b - Searing Ray           Conj           48%        2d6       10%         2

Your spell library contained the following spells:

 Spells                   Type           Power      Damage    Failure   Level
 Foxfire                  Conj/Fire      64%        2x1d7     21%         1
 Conjure Flame            Conj/Fire      16%        6-21      52%         3
 Sticky Flame             Conj/Fire      16%        2d4       90%         4

Inventory:

Hand Weapons
 a - a +0 dagger {short}
 j - a +2 vorpal mace {mace}
   (You found it on level 1 of the Dungeon)
 p - a +2 vampiric trident {polearm}
   (You found it on level 3 of the Dungeon)
 q - the +8 dagger of Nocsucex (weapon) {protect, Will+, short}
   (You found it on level 3 of the Dungeon)

   It grants its wielder temporary protection when it strikes (+7 to AC).
   Will:      It increases your willpower.
Missiles
 f - 54 stones {throwing}
 r - 2 poisoned darts {throwing}
 s - 5 boomerangs {throwing}
Armour
 b - a +0 scale mail (worn)
Jewellery
 k - a ring of fire
   (You found it on level 2 of the Dungeon)
 t - a ring of ice
   (You found it on level 4 of the Dungeon)
Scrolls
 i - a scroll of vulnerability {!r!r}
 m - a scroll of identify {@r1}
 o - a scroll of enchant weapon {unknown}
Potions
 c - a potion of brilliance
 d - 2 potions of mutation {!q}
 e - a potion of heal wounds {unknown}
 h - a potion of attraction {unknown}
 l - 2 potions of haste {unknown}

Dungeon Overview and Level Annotations

Branches:
Dungeon (4/15)
 Temple: D:4-7

Altars:
Jiyva

Shops:
D:3

* #.# #.# #.#
∆ #g# #.# #.#
#.############
#..gg.........
######@F......
#........
#........
#...l....
.........
#........
#........
#........


You could see a gnoll sergeant, a bullfrog, an iguana and a gnoll.


Message History

The gnoll sergeant hits you from afar with a +0 trident of venom!
You are poisoned. 😕 HP[-7]
You take 7 damage, and now have 44/53 hp.
Casting: Searing Ray (safe; 10% risk of failure)
Confirm with . or Enter, or press ? or * to list all spells.
Aiming: Searing Ray (safe; 10% risk of failure)
Press: ? - help, Shift-Dir - straight line, f - gnoll
Aim: a gnoll, wielding a +0 spear (82% to hit)
The searing ray hits the gnoll sergeant but does no damage.
The searing ray hits the gnoll!
The searing ray hits the gnoll. (Press . to maintain the ray.)
You feel very sick.
The gnoll sergeant hits you from afar with a +0 trident of venom! 😮 HP[-17] MP[-2]
You take 17 damage, and now have 27/53 hp.
MASSIVE DAMAGE!! (PAUSE)
You lost 2 mp, and now have 6/14 mp.
The searing ray hits the gnoll sergeant.
The searing ray hits the gnoll!
You kill the gnoll!
The searing ray hits the gnoll!
You kill the gnoll!
You feel sick.
The gnoll sergeant hits you from afar with a +0 trident of venom!
* * * LOW HITPOINT WARNING * * *
You are more poisoned. 😨 HP[-9]
You take 9 damage, and now have 18/53 hp.
The searing ray hits the gnoll sergeant but does no damage.
The searing ray hits the gnoll.
You feel very sick.
The gnoll sergeant completely misses you. 😨 HP[-4] MP[-1]
You take 4 damage, and now have 14/53 hp.
You lost 1 mp, and now have 5/14 mp.
Unknown command.
Unknown command.
The searing ray hits the gnoll sergeant.
The searing ray hits the gnoll.
You finish channelling your searing ray.
You feel very sick.
The gnoll sergeant hits you from afar with a +0 trident of venom!
* * * LOW HITPOINT WARNING * * *
You are lethally poisoned!
Your magical contamination has completely faded away. 😱 HP[-9]
You take 9 damage, and now have 5/53 hp.
Unknown command.
Unknown command.
Unknown command.
It was a potion of curing.
You feel better.
The gnoll sergeant hits you from afar with a +0 trident of venom.
* * * LOW HITPOINT WARNING * * *
You are poisoned.
An iguana comes into view. 😱 HP[+8]
You regained 8 hp, and now have 13/53 hp.
Unknown command.
Okay, then.
Okay, then.
You are quite poisoned (13 -> 8).
Your movement speed is average.
Your attack delay is about 0.9.
You aren't carrying any items that you can evoke.
You feel very sick. 😱 HP[-2]
You take 2 damage, and now have 11/53 hp.
You feel very sick. 😱 HP[-2] MP[+1]
You take 2 damage, and now have 9/53 hp.
You feel sick.
You feel sick. 😱 HP[-1] MP[+1]
You take 1 damage, and now have 8/53 hp.
You feel sick.
You feel sick. 😱 HP[+1] MP[+1]
You feel sick.
You feel sick. 😱 MP[+1]
You feel sick.
You are no longer poisoned.
An iguana and a bullfrog come into view.
The iguana hisses angrily.
The bullfrog croaks. 😱 HP[+1] 😱 HP[+1] MP[+1]
As you read the scroll labelled IXKOAM YCOWIU, it crumbles to dust.
It is a scroll of identify.
i - a scroll of vulnerability The gnoll sergeant closely misses you. 😱 HP[+1]
As you read the scroll labelled GEXIDGHU GOILL, it crumbles to dust.
It is a scroll of amnesia.
Really abort (and waste the scroll)?
Okay, then.
The bullfrog snags a nearby hornet with its tongue.
The bullfrog hits you!
* * * LOW HITPOINT WARNING * * *
The gnoll sergeant hits you from afar with a +0 trident of venom!
You die...

Skill      XL: |  1  2  3  4  5 |
---------------+----------------+-----
Spellcasting   | 5 |  5.3
Short Blades   | 1 |  1.9
Long Blades    | 1 |  1.9
Axes           | 1 |  1.9
Maces & Flails | 1 |  1.9
Polearms       | 1 |  1.9
Staves         | 1 |  1.9
Slings         | 1 |  1.9
Bows           | 1 |  1.9
Crossbows      | 1 |  1.9
Throwing       | 1 |  1.9
Dodging        | 1 |  1.9
Stealth        | 1 |  1.9
Shields        | 1 |  1.9
Unarmed Combat | 1 |  1.9
Invocations    | 1 2 |  2.1
Evocations     | 1 |  1.9
Hexes          | 1 |  1.5
Summonings     | 1 |  1.5
Necromancy     | 1 |  1.5
Translocations | 1 |  1.5
Transmutations | 1 |  1.5
Fire Magic     | 1 |  1.5
Ice Magic      | 1 |  1.5
Air Magic      | 1 |  1.5
Earth Magic    | 1 |  1.5
Poison Magic   | 1 |  1.5
Armour         | 3 |  3.2
Fighting       | |  6.8
Conjurations   | |  7.2

Action                   |  1- 3 |  4- 6 || total
-------------------------+-------+-------++-------
Melee: Dagger            |    18 |    51 ||    69
       Bite              |     4 |     4 ||     8
       Punch             |     1 |       ||     1
       Mace              |     5 |    12 ||    17
       Trident           |       |    13 ||    13
 Cast: Shock             |    46 |    20 ||    66
       Searing Ray       |       |     2 ||     2
  Use: Scroll            |       |     2 ||     2
       Potion            |       |     1 ||     1
Armor: Scale mail        |    11 |    66 ||    77
Dodge: Dodged            |     5 |    46 ||    51

Levels and vault maps discovered:
D:1:      nagdon_arrival_zigzag_paths, layout_loops_ring
D:2:      layout_rooms, dreamdust_ecumenical_altar_drowned_temple,
          minmay_pentomino_t2, uniq_jessica
D:3:      layout_loops_ring, serial_shops, shop, minmay_crystal_room
D:4:      layout_cave_pools, serial_shops, shop, shop,
          nicolae_shop_bloodbath_and_beyond, uniq_edmund
D:6:      layout_basic, temple_pool_b, chequers_serial_rivers_micro_b,
          uniq_menkaure, uniq_duvessa, uniq_crazy_yiuf_cottage, uniq_pikel

Notes
Turn   | Place    | Note
-------+----------+-------------------------------------------
     0 | D:1      | spaghetti the Gnoll Wanderer began the quest for the Orb.
     0 | D:1      | spaghetti set off with the following items: a +0 dagger
                  | {short}, a +0 scale mail, a potion of brilliance, a potion
                  | of mutation {!q}; and the following spells available to
                  | memorise: Foxfire, Shock, Sticky Flame
     0 | D:1      | Reached XP level 1. HP: 23/23 MP: 6/6
     0 | D:1      | magus.rc [v1.9.6]
    38 | D:1      | Learned a level 1 spell: Shock
   224 | D:1      | Reached XP level 2. HP: 28/29 MP: 5/7
  1202 | D:2      | Reached XP level 3. HP: 35/35 MP: 3/9
  1217 | D:2      | Reached skill level 5 in Spellcasting
  1459 | D:2      | Noticed Jessica
  1463 | D:2      | Killed Jessica
  1464 | D:2      | Reached skill level 1 in Short Blades
  1464 | D:2      | Reached skill level 1 in Long Blades
  1464 | D:2      | Reached skill level 1 in Axes
  1464 | D:2      | Reached skill level 1 in Maces & Flails
  1464 | D:2      | Reached skill level 1 in Polearms
  1464 | D:2      | Reached skill level 1 in Staves
  1464 | D:2      | Reached skill level 1 in Slings
  1464 | D:2      | Reached skill level 1 in Bows
  1464 | D:2      | Reached skill level 1 in Crossbows
  1464 | D:2      | Reached skill level 1 in Throwing
  1464 | D:2      | Reached skill level 1 in Dodging
  1464 | D:2      | Reached skill level 1 in Stealth
  1464 | D:2      | Reached skill level 1 in Shields
  1464 | D:2      | Reached skill level 1 in Unarmed Combat
  1464 | D:2      | Reached skill level 1 in Invocations
  1464 | D:2      | Reached skill level 1 in Evocations
  1468 | D:2      | Reached XP level 4. HP: 27/41 MP: 1/11
  1728 | D:2      | Found a faded altar of an unknown god.
  1754 | D:2      | Prayed at the altar of an unknown god.
  1754 | D:2      | Became a worshipper of Jiyva Jesidag the Shapeless
  1754 | D:2      | Reached * piety under Jiyva
  2114 | D:3      | Reached skill level 1 in Hexes
  2114 | D:3      | Reached skill level 1 in Summonings
  2114 | D:3      | Reached skill level 1 in Necromancy
  2114 | D:3      | Reached skill level 1 in Translocations
  2114 | D:3      | Reached skill level 1 in Transmutations
  2114 | D:3      | Reached skill level 1 in Fire Magic
  2114 | D:3      | Reached skill level 1 in Ice Magic
  2114 | D:3      | Reached skill level 1 in Air Magic
  2114 | D:3      | Reached skill level 1 in Earth Magic
  2114 | D:3      | Reached skill level 1 in Poison Magic
  2153 | D:3      | Reached ** piety under Jiyva
  2154 | D:3      | Identified the +8 dagger of Nocsucex {protect, Will+}
  2585 | D:3      | Found Faucegum's Assorted Antiques.
  2851 | D:4      | Noticed a black bear
  2851 | D:4      | Noticed Edmund
  2867 | D:3      | Killed a black bear
  2868 | D:3      | Reached skill level 3 in Armour
  2868 | D:3      | Reached XP level 5. HP: 45/47 MP: 12/12
  3008 | D:3      | HP: 8/47 [Edmund/+4 vorpal flail (12)]
  3012 | D:3      | Killed Edmund
  3013 | D:3      | Reached skill level 2 in Invocations
  3013 | D:3      | Reached XP level 6. HP: 10/53 MP: 13/13
  3190 | D:4      | You add the spells Searing Ray and Conjure Flame to your
                  | library.
  3190 | D:4      | Got the Collected Works on Confrontation
  3194 | D:4      | Learned a level 2 spell: Searing Ray
  3240 | D:4      | You fall into a shaft and drop 2 floors!
  3252 | D:6      | HP: 13/53 [poisoned by a gnoll sergeant]
  3252 | D:6      | HP: 5/53 [gnoll sergeant/+0 trident of venom (8)]
  3257 | D:6      | HP: 8/53 [poisoned by a gnoll sergeant]
  3262 | D:6      | HP: 9/53 [poisoned by a gnoll sergeant]
  3266 | D:6      | Slain by a gnoll sergeant

Vanquished Creatures
  Edmund (D:3)
  A black bear (D:3)
  Jessica (D:2)
  5 gnolls
  2 adders
  A worm (D:2)
  A dart slug (D:2)
  4 orcs (D:3)
  3 ball pythons
  A bat (D:2)
  6 endoplasms
  2 giant cockroaches
  2 goblins (D:2)
  8 hobgoblins
  5 jackals
  5 kobolds
  2 quokkas
  2 frilled lizards (D:1)
  4 rats
  A spectral hobgoblin (D:2)
57 creatures vanquished.

Vanquished Creatures (others)
  A jelly (D:3)
  2 gnolls (D:3)
  An adder (D:3)
  A worm (D:3)
  An orc (D:3)
  A ball python (D:3)
  A giant cockroach (D:3)
  2 goblins (D:3)
  2 hobgoblins
  2 jackals (D:3)
14 creatures vanquished.

Grand Total: 71 creatures vanquished

Table legend:
 A = Non-vault XP
 B = Vault XP
 C = Vault XP percentage of total XP
 D = Non-vault monster count
 E = Vault monster count
 F = Vault count percentage of total count
                 A         B        C        D         E       F
            +---------+---------+-------+---------+---------+-------
      Total |     259 |     146 |  36.0 |      53 |       4 |   7.0
            +---------+---------+-------+---------+---------+-------
        D:1 |      24 |       0 |   0.0 |      15 |       0 |   0.0
        D:2 |      56 |      40 |  41.7 |      22 |       3 |  12.0
        D:3 |     122 |     106 |  46.5 |      12 |       1 |   7.7
        D:4 |      14 |       0 |   0.0 |       1 |       0 |   0.0
        D:6 |      43 |       0 |   0.0 |       3 |       0 |   0.0
            +---------+---------+-------+---------+---------+-------

Illustrated notes

Table legend:
 A = Kills in this place as a percentage of kills in entire the game.
 B = Kills by you in this place as a percentage of kills by you in the entire game.
 C = Kills by friends in this place as a percentage of kills by friends in the entire game.
 D = Other kills in this place as a percentage of other kills in the entire game.
 E = Experience gained in this place as a percentage of experience gained in the entire game.
 F = Experience gained in this place divided by the number of levels of this place that you have seen.
                   A       B       C       D       E      F
               +-------+-------+-------+-------+-------+----------------------
         Total | 100.0 | 100.0 |   N/A |   N/A | 100.0 |  81.0
       Dungeon | 100.0 | 100.0 |   N/A |   N/A | 100.0 |  81.0
               +-------+-------+-------+-------+-------+----------------------

Table legend: (Time is in decaauts)
 A = Elapsed time spent in this place.
 B = Non-inter-level travel time spent in this place.
 C = Inter-level travel time spent in this place.
 D = Time resting spent in this place.
 E = Time spent auto-exploring this place.
 F = Levels seen in this place.
 G = Mean time per level.
                   A        B        C        D        E       F      G
               +--------+--------+--------+--------+--------+-----+--------+
         Total |   3289 |   3184 |    105 |    708 |   2018 |   5 |  657.8 |
       Dungeon |   3289 |   3184 |    105 |    708 |   2018 |   5 |  657.8 |
               +--------+--------+--------+--------+--------+-----+--------+

Top non-repeatable levels by time:
     D:1: 1364 daAuts
     D:3: 1099 daAuts
     D:2: 716 daAuts
     D:4: 82 daAuts
     D:6: 25 daAuts
